 Dungeon Crawl Stone Soup version 0.31-a0-662-g684573625c (webtiles) character file.

Game seed: 10065949839455214699

406 Maratek the Chopper (level 6, 0/72 HPs)
             Began as a Demonspawn Berserker on Sept 1, 2023.
             Was a Believer of Trog.
             Splashed by a jelly's acid (11 damage)
             ... on level 4 of the Dungeon.
             The game lasted 00:03:20 (3634 turns).

Maratek the Chopper (Demonspawn Berserker)          Turns: 3634, Time: 00:03:20

Health: 0/72       AC:  4    Str: 20    XL:     6   Next: 56%
Magic:  6/6        EV: 11    Int:  8    God:    Trog [**....]
Gold:   151        SH:  0    Dex: 12    Spells: 5/5 levels left

rFire   . . .        a - +0 hand axe
rCold   . . .        (no shield)
rNeg    . . .        k - +0 ring mail
rPois   .            r - +0 helmet
rElec   .            (no cloak)
rCorr   .            (no gloves)
SInv    .            (no boots)
Will    .....        (no amulet) Stlth
                     g - +4 ring of protection
HPRegen 0.32/turn    h - ring of flight
MPRegen 0.10/turn

%: no passive effects
@: berserking, corroded, flying, very quick
A: slimy green scales 1, foul stench 1, demonic touch 1
a: Renounce Religion, Berserk, Trog's Hand


You were on level 4 of the Dungeon.
You worshipped Trog.
Trog was pleased with you.
You visited 1 branch of the dungeon, and saw 4 of its levels.

You collected 151 gold pieces.

Inventory:

Hand Weapons
 a - a +0 hand axe (weapon)
Armour
 k - a +0 ring mail (worn)
 r - a +0 helmet (worn)
Jewellery
 g - a +4 ring of protection (left hand)
 h - a ring of flight (right hand)
 q - an amulet of faith
Scrolls
 c - 5 scrolls of identify {unknown}
 e - a scroll of enchant weapon {unknown}
 i - a scroll of blinking {unknown}
 j - a scroll of immolation {unknown}
 l - a scroll of teleportation {unknown}
 n - a scroll of noise {unknown}
 o - a scroll of butterflies {unknown}
 p - a scroll of vulnerability {unknown}
 s - a scroll of fog {unknown}
Potions
 b - a potion of magic {unknown}
 d - 3 potions of curing {unknown}
 f - a potion of heal wounds {unknown}
 m - a potion of enlightenment {unknown}


   Skills:
 + Level 4.2 Fighting
 + Level 5.2 Axes
 + Level 2.7 Armour
 + Level 2.5 Dodging
 + Level 1.3 Stealth


You had 5 spell levels left.
You didn't know any spells.
Your spell library was empty.

Dungeon Overview and Level Annotations

Branches:
Dungeon (4/15)             Temple (0/1) D:4

Altars:
Hepliaklqana
Kikubaaqudgha
Qazlal


Innate Abilities, Weirdness & Mutations

You are partially covered in slimy green scales. (AC +2)
You may rarely emit foul miasma when damaged in melee.
Your touch may inflict minor irresistible damage on your foes.


Message History

The hound bites you but does no damage. The jelly closely misses you.
You closely miss the hound.
The hound is heavily wounded.
You hit the jelly.
Your hands burn!
The hound closely misses you. The jelly barely misses you.
The hound misses you.
You closely miss the hound.
The hound is heavily wounded.
You hit the jelly.
Your hands burn!
The hound closely misses you. The jelly hits you.
You are splashed with acid!
You barely miss the hound.
The hound is heavily wounded.
You hit the jelly but do no damage.
Your hands burn!
The hound pauses to sniff the ground.
The hound bites you.
* * * LOW HITPOINT WARNING * * *
The jelly closely misses you.
The hound stops to sniff the ground.
The hound bites you but does no damage.
You closely miss the hound.
The hound is heavily wounded.
You hit the jelly.
Your hands burn!
* * * LOW HITPOINT WARNING * * *
The hound misses you. The jelly hits you but does no damage.
The hound bites you but does no damage.
You hit the hound but do no damage.
The hound is heavily wounded.
You hit the jelly but do no damage. The acid corrodes you!
Your hands burn!
* * * LOW HITPOINT WARNING * * *
The jelly hits you but does no damage. The hound barely misses you.
You hit the hound but do no damage.
You touch the hound.
The hound is severely wounded.
You hit the jelly but do no damage.
Your hands burn!
* * * LOW HITPOINT WARNING * * *
The hound closely misses you. The jelly hits you but does no damage.
The hound bites you but does no damage.
A red film seems to cover your vision as you go berserk!
You feel yourself moving faster!
You feel mighty! The jelly hits you.
* * * LOW HITPOINT WARNING * * *
You are splashed with acid!
You die...

#.).##....# #....)......#
##.#
#######....################
#.. #<....'....+........#
##.
#######.......).....######
#####. #...######....#....#
#..... #..## #.).......#
#..... #..#
#8'8......###.....
#..#.######.#.'....'.'.....
#..#.....h@.#.#....###.....
#..#.....J..#.#....# #.....
#..#.######.#.###### #.....
#..# #8'8.# ######## #..##
#....# #.......
#...######....# #.......
#.............# #.......
#.....######### #.......
####### ###...##


You could see a hound and a jelly.

Vanquished Creatures
  Sigmund (D:3)
  A scorpion (D:4)
  A hound (D:4)
  An iguana (D:4)
  A sleepcap (D:3)
  3 adders
  A worm (D:3)
  3 dart slugs
  3 orcs
  5 ball pythons
  3 bats
  6 endoplasms
  2 giant cockroaches
  9 goblins
  6 hobgoblins
  3 jackals (D:3)
  4 quokkas
  2 frilled lizards (D:2)
  5 kobolds
  3 rats
63 creatures vanquished.

Notes
Turn   | Place    | Note
-------+----------+-------------------------------------------
     0 | D:1      | Maratek the Demonspawn Berserker began the quest for the
                  | Orb.
     0 | D:1      | Reached XP level 1. HP: 18/18 MP: 1/1
   296 | D:1      | Gained mutation: Your touch may inflict minor irresistible
                  | damage on your foes. [demonic ancestry]
   296 | D:1      | Reached XP level 2. HP: 24/24 MP: 2/2
   452 | D:1      | Reached skill level 3 in Axes
  1153 | D:2      | Reached ** piety under Trog
  1196 | D:2      | Gained mutation: You are partially covered in slimy green
                  | scales. (AC +2) [demonic ancestry]
  1196 | D:2      | Reached XP level 3. HP: 29/29 MP: 3/3
  1417 | D:2      | Found a hazy altar of Hepliaklqana.
  1634 | D:2      | Found a faded altar of an unknown god.
  1748 | D:3      | Reached XP level 4. HP: 37/37 MP: 4/4
  1940 | D:3      | Found an ancient bone altar of Kikubaaqudgha.
  2024 | D:3      | Noticed Sigmund
  2042 | D:3      | Killed Sigmund
  2043 | D:3      | Reached skill level 4 in Axes
  2043 | D:3      | Reached skill level 1 in Stealth
  2043 | D:3      | Gained mutation: You may rarely emit foul miasma when
                  | damaged in melee. [demonic ancestry]
  2043 | D:3      | Reached XP level 5. HP: 42/42 MP: 5/5
  2469 | D:4      | Found a large runed translucent door.
  2481 | D:4      | Found a large runed translucent door.
  2553 | D:4      | Reached XP level 6. HP: 42/48 MP: 6/6
  2560 | D:4      | Reached skill level 5 in Axes
  2973 | D:4      | Found a staircase to the Ecumenical Temple.
  3360 | D:4      | Found a stormy altar of Qazlal.
  3634 | D:4      | Splashed by a jelly's acid

Illustrated notes

Levels and vault maps discovered:
D:1:      dpeg_arrival_round_a, layout_basic
D:2:      layout_basic, basic_altar, shapermc_ecumenical_altar_venn
D:3:      layout_loops_ring, kiku_gazebo_pond_becter, uniq_sigmund
D:4:      layout_basic, jmf_multi_god_temple2, marbit_many_paths, temple_green,
          minmay_misc_feat_tiny, chequers_serial_rivers_room_a,
          grunt_ministairs_6

Skill      XL: |  1  2  3  4  5  6 |
---------------+-------------------+-----
Axes           | 3 4 5 |  5.2
Dodging        | 2 |  2.5
Armour         | 2 |  2.7
Fighting       | 4 |  4.2
Stealth        | 1 |  1.3

Action                     |  1- 3 |  4- 6 || total
---------------------------+-------+-------++-------
  Melee: Hand axe          |    70 |   115 ||   185
         Punch             |     1 |     3 ||     4
         Touch             |    10 |    17 ||    27
 Invoke: Berserk           |       |     1 ||     1
 Armour: Animal skin       |    21 |       ||    21
         Ring mail         |     8 |    73 ||    81
  Dodge: Dodged            |    40 |    67 ||   107

Table legend: (Time is in decaauts)
 A = Elapsed time spent in this place.
 B = Non-inter-level travel time spent in this place.
 C = Inter-level travel time spent in this place.
 D = Time resting spent in this place.
 E = Time spent auto-exploring this place.
 F = Levels seen in this place.
 G = Mean time per level.
                   A        B        C        D        E       F      G
               +--------+--------+--------+--------+--------+-----+--------+
         Total |   3650 |   3527 |    123 |      0 |   3075 |   4 |  912.5 |
       Dungeon |   3650 |   3527 |    123 |      0 |   3075 |   4 |  912.5 |
               +--------+--------+--------+--------+--------+-----+--------+

Top non-repeatable levels by time:
     D:4: 1191 daAuts
     D:1: 1013 daAuts
     D:3: 737 daAuts
     D:2: 708 daAuts
